[Event "44th Chess Olympiad Open 2022"]
[Site "Chennai"]
[Date "2022.08.06"]
[Round "8.30"]
[White "Al-Zendani, Zendan"]
[Black "Priasmoro, Novendra"]
[Result "0-1"]
[WhiteElo "2284"]
[BlackElo "2494"]
[Annotator "TA"]
[PlyCount "118"]
[EventDate "2022.??.??"]
[TimeControl "60"]

1. e4 c5 2. Nf3 Nc6 3. d4 cxd4 4. Nxd4 g6 5. Nc3 Bg7 6. Be3 Nf6 7. Bc4 O-O 8. Bb3 d6 9. f3 Bd7 10. Qd2 Rc8 11.
O-O-O Ne5 12. h4 h5 13. Bg5 Rc5 14. Kb1 b5 15. Rhe1 a5 (15... b4 $5 16. Nd5 Nxd5 17. exd5 (17. Bxd5 a5
$11) 17... Re8 $11) 16. f4 {[%emt 0:03:05] B78: Sicilian Dragon: Yugoslav
Attack, 9 Bc4 Bd7 10 0-0-0 Rc8.} Neg4 (16... Nc4 $11 {remains
equal.} 17. Bxc4 b4) 17. a3 $2 {[%emt 0:41:16] [#]} (17. Bxf6 $16 {and life is
bright.} Bxf6 18. e5 dxe5 19. Ndxb5 $1) 17... Qb8 $146 ({
Black should try} 17... b4 $17 18. axb4 axb4) ({Predecessor:} 17... b4 18. axb4
axb4 19. Nd5 Nxd5 20. Bxd5 Rxd5 21. exd5 Qa5 22. c4 Ra8 23. Kc2 Qc5 24. Rc1
Bxd4 25. f5 Qxc4+ 26. Kd1 Ba4+ 27. Rc2 Nf2+ 28. Kc1 Nd3+ {0-1 (28) Konguvel,P 
(2425)-Hakki,I (2395) Teheran 1997}) 18. f5 (18. Nd5 $1 $11 {
and White stays safe.} Nxd5 19. Bxd5) 18... a4 $19 19. Ba2 b4 20. axb4 Qxb4 {[%emt 0:00:
05] Strongly threatening ...Rb8.} 21. Nd5 Nxd5 22. Bxd5 Rb8 {[%emt 0:04:26] Chess con chili.} (22... Qb6
$17 {...gxf5 is the strong threat.} 23. fxg6 e6) 23. Qxb4 $1 $15 Rxb4 $40 {[%emt 0:00:00] Black has some attack.} 24. c3 Rxc3 25. Bxe7 Rc8 (25... Bxd4 26. Rxd4 $1 Rxd4 27. bxc3 $14) 26. e5 (26. fxg6
$17 {was necessary.} Bxd4 27. gxf7+ Kg7 28. Rd2) 26... Bxe5 $19 27. Rxe5 {[%emt 0:00:00] [#]} Rxd4 $1 28. Rxd4 dxe5 29. Bxf7+ Kxf7 30.
Rxd7 gxf5 {[%emt 0:00:00] Endgame And now ...Ke6 would win.
KRB-KRN} 31. Bg5+ (31. Bb4+ $17 Kg8 32. Ra7) 31... Kg8 32. Ra7 Rc4 33. Ra8+ (33. Bd2 $142) 33... Kf7 34. Ra7+ Ke6 35. Rh7 Re4 {[%emt 0:00:37] aiming
for ...f4.} 36. Rxh5 Re2 37. Rh8 Rxg2 38. h5 $2 (38. Rf8 {was the only
chance.}) 38... Rh2 39. h6 Kd5 (39... f4 40. Rf8 $17) 40. Ka2 Rh3 (
40... f4 41. h7 $11) 41. h7 {[%emt 0:00:00] Threatens to win with Rd8+.} Ke4 42. Kb1 Rh2 43. Ka2 (43. Kc1 $142) 43... Nf2 (43... f4 44. Bxf4 exf4 45.
Re8+ Ne5 46. h8=Q Rxh8 47. Rxh8 $11) 44. Ka3 Nd3 $1 (44... f4 45. Bxf4 $1 exf4 46. Re8+ Kd4 47. h8=Q+ Rxh8 48. Rxh8 $11)
45. Kxa4 Nxb2+ 46. Kb3 Nd3 47. Kc3 Nf4 48. Kc4 Ng2 49. Bf6 Ne3+ 50. Kc5 {[%emt 0:00:00][%cal Yf6e5] [#]} Ng4 (
{Not} 50... f4 51. Bxe5 Rh5 52. Rf8 (52. Re8 Rxh7 53. Bd6+ Kf3 $15) 52... Rxh7
53. Bxf4 $11) 51. Bg5 (51. Bd8 $17 {nothing else works.})
51... Nf2 ({Worse is} 51... f4 52. Bxf4 exf4 53. Re8+ Ne5 54.
h8=Q Rxh8 55. Rxh8 $11) 52. Kd6 {[%emt 0:00:00] [#]} Nd3 $1 53. Ke6 (53. Kc6 $142 f4 54. Bd8) 53... f4 54. Bxf4 exf4 {[%emt 0:00:00][%cal Ye5f4,Yf4f3,Yf3f2] KRN-KR.
Black mates.} 55. Kf6 Ne5 56. Re8 {[%emt 0:
00:00] [#]} Rxh7 $1 57. Rxe5+ Kd3 58. Ra5 f3 59. Kg5 f2 {[%emt 0:00:00] Weighted Error Value: White=0.71/Black=0.17 (very precise)}
0-1

[Event "44th Chess Olympiad Open 2022"]
[Site "Chennai"]
[Date "2022.08.06"]
[Round "8.30"]
[White "Al Harazy, Khalid"]
[Black "Kurniawan, Muhamad Agus"]
[Result "0-1"]
[WhiteElo "2149"]
[BlackElo "2328"]
[Annotator "RC"]
[PlyCount "75"]
[EventDate "2022.??.??"]
[TimeControl "60"]

1. e4 d5 2. exd5 Nf6 3. d4 Nxd5 4. Nf3 Bg4 5. Be2 e6 6. O-O Nc6 7. c4 Nb6 8. Be3 Be7 9. Nc3 O-O 10. d5 exd5 11. Bxb6 axb6 12. Nxd5 Bf6 13. Qd2 Bxf3 14. Bxf3 Be5 15. Be4 Re8 16. g3 Nd4 17. Rad1 Rxa2 18. Nc3 Ra8 19. Bxb7 Rb8 20. Bg2 g6 21. Rfe1 Bg7 22. Rxe8+ Qxe8 23. Re1 Qd8 24. Qf4 Ne6 25. Qc1 Bxc3 26. Qxc3 Qd4 27. Qxd4 Nxd4 28. Re7 b5 29. Rxc7 bxc4 30. Rxc4 Nf5 31. Rc2 Rb4 32. Bd5 Rd4 33. Bc4 g5 34. h3 h5 35. b3 h4 36. Kg2 hxg3 37.
fxg3 Ne3+ 38. Kh2 0-1

[Event "44th Chess Olympiad Open 2022"]
[Site "Chennai"]
[Date "2022.08.06"]
[Round "8.31"]
[White "Delgado Ramirez, Neuris"]
[Black "Cu Hor, Winston Darwin"]
[Result "1-0"]
[WhiteElo "2614"]
[BlackElo "2328"]
[Annotator "TA"]
[PlyCount "83"]
[EventDate "2022.??.??"]
[TimeControl "60"]

1. e4 c5 2. Nf3 d6 3. d4 Nf6 4. Nc3 cxd4 5. Nxd4 a6 6. Be2 e5 7. Nb3 Be7 8. Be3 O-O 9. g4 Be6 10. g5 Nfd7 11. h4 {[%emt 0:00:29] B92: Sicilian Najdorf: 6 Be2.} a5 12. f4 {[%emt 0:04:47] White is more active.} exf4 13. Bxf4 {[%emt 0:03:38] White is better.} Ne5 {[%emt 0:00:25] [#]} 14.
Qd2 $146 ({Predecessor:} 14. Nd4 Nbc6 15. Ndb5 f5 16. Nd5 fxe4
17. Nbc7 Bxd5 18. Qxd5+ Kh8 19. Ne6 Qb6 20. Nxf8 Rxf8 21. Bxe5 {1-0 (38)
Delchev,A (2583)-Colovic,A (2385) Subotica 2003}) 14... Nbc6 15. O-O-O a4 16. Nd4 Nxd4 17. Qxd4 Qa5 18. a3 (18. Nd5 $6 Bxd5 19. exd5 a3 $14) 18... Rfc8 19. Kb1 Nc4 (19... Qc5 $16) 20. Nd5 $18 Bxd5 21. exd5 (21. Qxd5 Qc7 $16) 21...
Qb5 {[%emt 0:07:11] And now ...Nxa3+ would win.} 22. Ka2 ({
White should try} 22. Bd3 $18) 22... Bf8 23. h5 g6 $2 (23... Qc5 24. g6 Qxd4 25.
Rxd4 Ne5) 24. hxg6 Bg7 25. gxf7+ (25. gxh7+ Kh8 26. Be3 (26. Bxc4 $2 Rxc4 27. Qxg7+
Kxg7 $19) 26... Qxb2+ 27. Qxb2 Nxb2 $14) 25... Kf8 26. Bxc4 Rxc4 $2 (26... Qxc4+ 27. Qxc4 Rxc4) 27. Bxd6+ Kxf7 28. Qf2+ (28. g6+ $142
Kg8 29. gxh7+ Kh8 30. Qxg7+ $3 Kxg7 31. Be5+ Kg6 32. Rdg1+ Kf5 33. Rh5+ (33.
Rg8 Qxd5 34. Rh5+ Ke4 $17) 33... Ke4 34. Rg4+ (34. Rg8 Qxd5 35. h8=Q Qxg8 $17)
34... Ke3 35. Rg3+ Ke4 36. Bd6 Rxc2 37. Rh4+ Kxd5 38. Rh5+ Kxd6 39. Rg6+ Kc7
40. Rxb5) 28... Kg8 29. Bb4 Rxb4 30. axb4 Qc4+ 31.
Kb1 $1 {[%emt 0:00:08] Threatening mate with Qf5.} (31. Ka3 $2 Bxb2+ 32. Kxb2
a3+ 33. Kc1 a2 $19) 31... a3 32. Qe1 $2 ({
White must play} 32. Qe3 $18 {White wants to mate with Qe6+.} a2+ 33. Ka1 Qxc2
34. Qc1 Qxc1+ 35. Rxc1) 32... a2+ $11 (32... axb2 33. Qe6+ Kf8
34. Rdf1+) 33. Ka1 {[%emt 0:00:08] Intending Qe6+ and mate.} Qxc2 34. Qe6+ Kh8 35. Rxh7+ $1 Qxh7 36. Qe2 {
[%emt 0:00:00] Against Qh2. Threatens to win with d6. Really sharp!} Rd8 37. d6 $36 {[%emt 0:01:11] Black must now prevent d7. White is
more active.} Qg6 (37... Qf5 $1 $11 {keeps the balance.}) 38.
d7 $2 {[%emt 0:02:24] [#]} ({Don't play} 38. Qe7 $6 Qe8 39. Qc7 Qd7 $11) (38.
Qc4 $1 $16 {Strongly threatening Rh1+.} Qh7 39. Qd5) 38... Kg8 $2 {[%emt 0:00:
00] [#] Loses the game.} (38... Qxg5 $2 39. Qe8+ Kh7 40. Qe4+ (40. Rh1+ Bh6 $16
) 40... Kh8 41. Rh1+ Bh6 42. Qxb7 $18 (42. Qd4+ Kh7 $16)) (38... Rxd7 $1 $15
39. Rh1+ (39. Qh2+ $2 Kg8 $19) 39... Kg8 40. Qc4+ Rf7) 39. Qe7 $1 {[%emt 0:00:
56] White mates.} Bxb2+ 40. Kxb2 Qg7+ 41. Qxg7+ Kxg7 42. Kxa2 {
[%emt 0:00:11] Weighted Error Value: White=0.53/Black=0.41} 1-0

[Event "44th Chess Olympiad Open 2022"]
[Site "Chennai"]
[Date "2022.08.06"]
[Round "8.31"]
[White "Juarez Flores, Carlos A."]
[Black "Cubas, Jose Fernando"]
[Result "0-1"]
[WhiteElo "2335"]
[BlackElo "2451"]
[Annotator "TA"]
[PlyCount "88"]
[EventDate "2022.??.??"]
[TimeControl "60"]

1. e4 c5 2. Nf3 d6 3. d4 cxd4 4. Nxd4 Nf6 5. f3 e5 6. Nb3 d5 7. Bg5 Be6 8. exd5 Qxd5 9. Nc3 Bb4 10. Bxf6 {[%emt 0:
00:00] B55: Sicilian: 2...d6 3 d4 cxd4 4 Nxd4 Nf6 5 f3.} (10. Qd2 $11) 10...
Qxd1+ $15 11. Rxd1 gxf6 12. Bb5+ {[%emt 0:05:24] [#] Black is slightly better.} Ke7
$146 ({Predecessor:} 12... Nd7 13. O-O Bxc3 14. bxc3 O-O-O 15.
Bxd7+ Bxd7 16. f4 Be6 17. Rde1 Bc4 18. Rf3 Rhg8 19. fxe5 fxe5 {½-½ (45)
Wagner,F (2323)-Arnold,M (1899) Nuremberg 2009}) 13. O-O Bxc3 14. bxc3 {[%emt 0:00:03] [#]} Rc8 $1 15. f4 Rxc3 16. Rde1 Nd7 (16... Nc6 {with more complications.} 17. Bxc6 Rxc6 18. fxe5 fxe5 19.
Rxe5 Rxc2 20. Rfe1 Rd8) 17. Bxd7 Kxd7 18.
fxe5 fxe5 ({Much weaker is} 18... Rxc2 $6 19.
Rd1+ Ke8 20. Nd4 Rxa2 21. exf6 $11) 19. Rxe5 Rxc2 20. Nd4 Rxa2 21. Nxe6 fxe6 $17 {[%emt 0:00:07] Endgame KRR-KRR} 22. Rf7+ Kd6 23. Re1 (23. Rb5 {is a better defense.}) 23...
b5 $19 24. Rxh7 b4 25. Rd1+ Kc6 26. Re7 a5 27. Rxe6+ Kb5 28. Re5+ Ka4 29. g4 (29. h4 $142 Rg8 30. Kf1) 29...
Rc8 30. g5 Rcc2 {[%emt 0:00:00] Threatens to
win with ...Rg2+.} 31. h4 Rg2+ 32. Kf1 Rh2 33. Kg1 {[%emt 0:00:01]
Prevents Rh1+.} Rxh4 34. Rdd5 Rc4 $2 ({Better is} 34... Kb3 $19 35. Rxa5 Rg4+ 36. Kf1 Rxa5 37. Rxa5
Kc3 38. Rc5+ Kd4) 35. Rxa5+ $11 Kb3 36. Rxa2 Kxa2 {[%emt 0:00:02] KR-KR} 37. Kf2 b3 {
[%emt 0:00:27] ( -> ...b2)} 38. Ra5+ Kb1 39.
Kf3 $2 ({Avoid the trap} 39. Rb5 $2 b2 40. g6 Kc1 $19) (39. g6
$11) 39... b2 {[%emt 0:00:28] Black mates.} 40. g6 Kc1 41. Rg5 b1=Q 42. Rg1+ Kb2 43. Rxb1+ Kxb1 44. g7 Rc8 {[%emt 0:00:10] Weighted Error Value:
White=0.57/Black=0.18 (very precise)} 0-1

[Event "44th Chess Olympiad Open 2022"]
[Site "Chennai"]
[Date "2022.08.06"]
[Round "8.31"]
[White "Zacarias, M Ruben D"]
[Black "Galvez Dastin, Eduardo"]
[Result "1-0"]
[WhiteElo "2175"]
[BlackElo "2152"]
[Annotator "RC"]
[PlyCount "99"]
[EventDate "2022.??.??"]
[TimeControl "60"]

1. e4 c6 2. d4 d5 3. e5 Bf5 4. h4 c5 5. dxc5 Nc6 6. Bb5 Qc7 7. Qxd5 e6 8.
Qd4 Rd8 9. Qc3 Nge7 10. b4 Nd5 11. Qb2 Ndxb4 12. Qxb4 Qxe5+ 13. Ne2 Bxc2 14. Nbc3 Bxc5 15. Qf4 O-O 16. Bxc6 Qxf4 17. Bxf4 bxc6 18. O-O Ba3 19. Bc1 Bb4 20. Be3 e5 21. a3 Be7 22. Rfc1 Bd3 23. g3 Rb8 24. Rd1 Rfd8 25. Rd2 Bc4 26. Rxd8+ Rxd8 27. f3 Bxe2 28. Nxe2 Rd3 29. Kf2 Rxa3 30. Rb1 Ra5 31. Rb7 Bf8 32. g4 g6 33. Ng3 Rb5 34. Rxa7 Rb2+ 35. Ne2 h5 36. g5 Kg7 37. Rc7 Rc2 38.
Kf1 Bd6 39. Rd7 Bf8 40. Ng3 Rc3 41. Ke2 Rc2+ 42. Kd3 Rh2 43.
Bd2 Rxh4 44. Bc3 Rh3 45. Bxe5+ Kg8 46. Ke2 Bg7 47. Rd8+ Kh7 48. Bxg7 Kxg7 49. Ne4 Rh2+ 50. Kf1 1-0

[Event "44th Chess Olympiad Open 2022"]
[Site "Chennai"]
[Date "2022.08.06"]
[Round "8.31"]
[White "Giron Chavez David Emanuel"]
[Black "Jodorcovsky Werjivker, Paulo"]
[Result "0-1"]
[WhiteElo "2115"]
[BlackElo "2213"]
[Annotator "NA RC"]
[PlyCount "54"]
[EventDate "2022.??.??"]
[TimeControl "60"]

1. e4 c5 2. Nf3 Nc6 3. d4 cxd4 4. Nxd4 Nf6 5. Nc3 e6 6.
Nxc6 bxc6 7. e5 Nd5 8. Ne4 Qc7 9. f4 Qb6 10. c4 Ne3 11. Qd3 Bb4+ 12. Bd2 Ba6 13. b3 O-O 14. Bxb4 Qxb4+ 15. Kf2 Nd5 16. Kg3 f6 17. exf6 Nxf6 18. Be2 d5 19. Ng5 Rae8 20. h4 h6 21. Bf3 e5 22. Qg6 exf4+ 23.
Kh2 hxg5 24. hxg5 Re6 25. Kg1 Qc5+ 26. Kf1 dxc4 27. Be2 Rxe2 0-1

[Event "44th Chess Olympiad Open 2022"]
[Site "Chennai"]
[Date "2022.08.06"]
[Round "8.32"]
[White "Meier, Georg"]
[Black "Sanchez Alvarez, Roberto Carlos"]
[Result "1/2-1/2"]
[WhiteElo "2613"]
[BlackElo "2431"]
[Annotator "TA"]
[PlyCount "88"]
[EventDate "2022.??.??"]
[TimeControl "60"]

1. Nf3 Nf6 2. g3 c5 3. Bg2 Nc6 4. c4 d5 5. cxd5 Nxd5 6. Nc3 Nxc3 {[%emt 0:00:12] A34: Symmetrical
English: 2 Nc3, lines with ...d5.} 7. dxc3 Qxd1+ 8. Kxd1 Bd7 9. Be3 e5 10. Kc2 Bf5+ 11. Kc1 {
[%emt 0:00:00] [#]} Be4 $146 ({Predecessor:} 11... Be7 12. Rd1
Rc8 13. b3 O-O 14. Kb2 b5 15. Nh4 Bg4 16. h3 Be6 17. Rac1 c4 18. b4 f5 {
1-0 (51) Kovalenko,I (2645)-Jones,G (2670) Playchess.com INT 2020}) 12. Rd1 Be7 13. Bh3 {[%emt 0:00:00] And now Bd7+
would win.} Rd8 {[%emt 0:05:23] Prevents Bd7+.} 14. Nd2 Bg6 15. Bg2 {[%emt 0:00:00] 
[#]} (15. Nc4 $11 {might be stronger.}) 15... Nd4 $1 $15 16.
Bxd4 cxd4 17. Nc4 Rc8 18. Nxe5 dxc3 19. e4 ({Avoid the trap} 19. Bxb7 $2 cxb2+ 20. Kxb2 Rb8 21. Nxg6 Rxb7+
22. Kc2 hxg6 $19) ({Reject} 19. Nxg6 hxg6 20. bxc3 Rxh2 $17) 19... Bf6 (19... f6 $5 20. Nd3 Bd6 $15) 20. Rd5 O-O {[%emt 0:05:40] [#] White must now prevent ...Rfd8.} 21. f4 (21. bxc3 $11 {is superior.} Rxc3+ 22. Kd2) 21... Rfe8 22. Kc2 (22. a4 $15) 22... Bxe5 ({Black should play} 22... cxb2+ $17 23. Kxb2 Re6) 23. Rxe5 Rxe5 24. fxe5 cxb2+ 25.
Kxb2 $17 {[%emt 0:00:02] Endgame KRB-KRB} Kf8 26. Rd1 Ke8 {[%emt 0:00:00] Against Rd7} 27. Bf3 Rc5 28. Rd5 Rc4 29. Be2 Rc7 30. Bd3 h5 31.
a4 Ke7 32. a5 b6 33. axb6 axb6 34. Rb5 Rc6 35. Kb3 {[%emt 0:01:38] The position is equal.} Rc5 {
[%emt 0:00:52] aiming for ...Rxb5+.} 36. Rxb6 Rxe5 37. Kc3 h4 ({Resist} 37... Bxe4 38.
Kd4 $16) 38. Kd4 f6 39. gxh4 Rh5 40. Rb7+ Kf8 41. Rb8+ Ke7 42. Rg8 Rh7 43. h5 Bf7 44. Ra8 Rxh5
{[%emt 0:00:07] Weighted Error Value: White=0.08 (flawless) /Black=0.07 
(flawless)} 1/2-1/2

[Event "44th Chess Olympiad Open 2022"]
[Site "Chennai"]
[Date "2022.08.06"]
[Round "8.32"]
[White "Vazquez Facundo"]
[Black "Ramos Espinoza, Efren Andres"]
[Result "1-0"]
[WhiteElo "2336"]
[BlackElo "2158"]
[Annotator "RC"]
[PlyCount "75"]
[EventDate "2022.??.??"]
[TimeControl "60"]

1. d4 Nf6 2. c4 e6 3. Nc3 d5 4. cxd5 Nxd5 5. e4 Nxc3 6. bxc3 c5 7. Nf3 cxd4 8. cxd4 Bb4+ 9. Bd2 Bxd2+ 10. Qxd2 O-O 11. Bc4 Nd7 12. O-O b6 13. d5 Nc5 14. Rad1 Bb7 15. dxe6 fxe6 16. Qe3 Qe7 17. Nd4 Kh8 18. e5 a6 19. Nb3 Rac8 20. Nxc5 Rxc5 21. Bb3 Bd5 22. Bxd5 exd5 23. f4 Kg8 24. f5 d4 25. Qb3+ Kh8 26. Qxb6 Qxe5 27. f6 gxf6 28. Rde1 Qd5 29. Rxf6 Rg8 30. Qb2 Rb5 31. Qf2 Qb7 32. Rf8 Qb6 33. Rxg8+ Kxg8 34. Re8+ Kg7 35. Re7+ Kg6 36. Qf7+ Kg5 37. h4+ Kxh4 38. Qf4+ 1-0

[Event "44th Chess Olympiad Open 2022"]
[Site "Chennai"]
[Date "2022.08.06"]
[Round "8.32"]
[White "Tapia Ostolaza, Alexei"]
[Black "Diaz Hollemaert, Nahuel"]
[Result "0-1"]
[WhiteElo "2201"]
[BlackElo "2425"]
[Annotator "TA"]
[PlyCount "60"]
[EventDate "2022.??.??"]
[TimeControl "60"]

1. Nf3 c5 2. g3 g6 3. Bg2 Bg7 4. O-O Nc6 5. e4 d6 6. h3 {[%emt 0:02:27] B50: Sicilian: 2...d6, Miscellaneous.} e5 7. d3 Nge7 8. Be3 {[%emt 0:
00:00] The position is equal.} h6 9. c3 O-O 10. Qd2 Kh7 11. d4 exd4 12. cxd4 d5 {[%emt 0:00:02] [#]}
(12... f5 {feels hotter.} 13. Nc3 fxe4 14. Nxe4 Rxf3 15. Bxf3 cxd4 16. Bf4 d5)
13. dxc5 $146 (13. e5 $15) ({Predecessor:} 13. exd5 Nxd5 14.
Rd1 Nxe3 15. fxe3 cxd4 16. exd4 Qb6 17. Nc3 Rd8 18. Ne2 Be6 19. Kh2 {0-1 (41)
Sufiyarov,A (2256)-Bocharov,D (2385) Novokuznetsk 2001}) 13... dxe4 $17 14. Nh2 (14. Ne1 $17) 14... Qxd2 15. Nxd2 {[%emt 0:00:19] [#]} f5 (15... Bxb2 16. Rab1 Bd4
17. Bxd4 Nxd4 18. Nxe4 $11) 16. Nc4 Be6 17.
Rfc1 Nb4 18. Bf1 Ned5 19. a3 Nd3 {[%emt 0:
00:00] Black is more active.} 20. Bxd3 exd3 21. Bd2 Rac8 (21... Nf6 $142 {Hoping for ...
Ne4.} 22. Bc3 Rac8) 22. Re1 Bg8 {[%emt 0:01:34] Strongly
threatening ...Nf6. This bishop pair is nice.} 23. Ne5 Nf6 $36
{[%emt 0:05:31] Black has strong initiative.} (23... Rxc5 $6 24. Nd7 Rc2 25.
Nxf8+ Bxf8 26. Nf3 $11) 24. Nhf3 (24. Nxd3 $17 Rfd8 25. Re3)
24... Ne4 $19 {[%emt 0:02:03] Threatens to win with ...Rfe8.} 25. Be3 (25. c6 {was necessary.}) 25... Rfd8 ({Less strong is
} 25... Nxc5 26. Bxc5 Rxc5 27. Nd7 $14) 26. Rad1 Bxe5 ({And not} 26... Nxc5 27. Bxc5 d2 28. Rxd2 Rxd2 29. Nxd2 $17)
27. Nxe5 d2 28. Re2 Bb3 29. Rdxd2 Nxd2 ({Stronger
than} 29... Rxd2 30. Bxd2 Rxc5 31. Bc3 $17) 30. Bxd2 {[%emt 0:00:03] [#]} (30.
Rxd2 Rxd2 31. Bxd2) 30... Bd1 {[%emt 0:00:16] Weighted Error Value: White=0.36/
Black=0.14 (very precise)} 0-1

[Event "44th Chess Olympiad Open 2022"]
[Site "Chennai"]
[Date "2022.08.06"]
[Round "8.32"]
[White "Leon Archibaldo, Orlando Andres"]
[Black "Roselli Mailhe, Bernardo"]
[Result "1/2-1/2"]
[WhiteElo "2193"]
[BlackElo "2413"]
[Annotator "RC"]
[PlyCount "88"]
[EventDate "2022.??.??"]
[TimeControl "60"]

1. e4 c5 2. Nf3 e6 3. d4 cxd4 4. Nxd4 Nf6 5. Nc3 Nc6 6. Nxc6 bxc6 7. e5 Nd5 8. Ne4 Qa5+ 9. Bd2 Qc7 10. f4 Qb6 11. Bd3 Be7 12. Qg4 g6 13.
Qe2 f5 14. exf6 Nxf6 15. Bc3 Rf8 16. g3 Nxe4 17. Qxe4 d5 18.
Qe2 c5 19. b3 Bb7 20. Be5 O-O-O 21. Rf1 Bd6 22. Bxd6 Rxd6 23.
O-O-O c4 24. bxc4 Qa5 25. Qe5 Rfd8 26. c5 Qxc5 27. g4 Qa3+ 28.
Qb2 Qa5 29. f5 Rb6 30. Qe5 exf5 31. gxf5 Qa3+ 32. Kd2 d4 33. fxg6 Qc3+ 34. Ke2 hxg6 35. Rf6 Rxf6 36. Qxf6 Qc7 37. Qf2 Rh8 38. h4 Qe7+ 39. Kd2 Rxh4 40. Kc1 Qa3+ 41. Kb1 Qb4+ 42. Kc1 Qa3+ 43. Kb1 Qb4+ 44. Kc1 Qa3+ 1/2-1/2

[Event "44th Chess Olympiad Open 2022"]
[Site "Chennai"]
[Date "2022.08.06"]
[Round "8.33"]
[White "Galego, Luis"]
[Black "Abdulwahhab, Ahmed Abdulsattar A"]
[Result "1-0"]
[WhiteElo "2462"]
[BlackElo "2251"]
[Annotator "TA"]
[PlyCount "67"]
[EventDate "2022.??.??"]
[TimeControl "60"]

1. e4 c5 2. Nf3 e6 3. Nc3 a6 4. g3 Nc6 5. Bg2 Qc7 6. O-O {[%emt 0:00:25] B40:
Sicilian: 2...e6, Unusual lines.} d6 7. d3 Nf6 8. Ng5 {[%emt 0:01:29] White has an edge.} Be7 9. f4 O-O 10. g4 {[%emt 0:07:34]
[%cal Yg3g4,Yg4g5] [#]} Bd7 $146 ({Predecessor:} 10... Rb8 11.
Nh3 Re8 12. g5 Nd7 13. Ne2 b5 14. Ng3 Bf8 15. Qh5 c4 16. f5 cxd3 17. fxe6 {
½-½ (26) Villalba,M (2203)-Silva,L (2081) Foz do Iguacu 2013}) 11. Nh3 Nd4 12. g5 Ne8 13. Ne2 Nxe2+ 14. Qxe2 c4 15. f5 cxd3 16. cxd3 d5 17. f6 Bc5+ 18. Kh1 dxe4 19. fxg7 Nxg7 {[%emt 0:00:10] Hoping for ...exd3.} 20. Bxe4 Bc6 21. Bf4 e5 22. Bg3 Bd4 23. Nf2 Ne6 {[%emt 0:00:
00] [#]} (23... Bxf2 $14 24. Rxf2 (24. Qxf2 Bxe4+ 25. dxe4 Nh5 $11) 24... Rfe8)
24. Qh5 (24. Ng4 $1 $18 {[%cal Rg4f6] and White stays clearly
on top. Nf6+ is the strong threat.} Nf4 25. Qf3 Bxe4 26. Qxe4 (26. Nf6+ Kh8 $16
)) 24... f5 $16 25. gxf6 $1 Rxf6 {[%emt 0:00:
00] Strongly threatening ...Raf8.} 26. Ng4 {[%emt 0:01:41][%csl Ye5,Yf6] The
board is on fire.} Rxf1+ {[%emt 0:02:44] A mistake that costs the game.} (26...
Rg6 $16) 27. Rxf1 $18 {[%emt 0:00:08] Threatening mate with Nh6+.} Bxe4+ $2 (27... Rf8 28. Nh6+ (28. Rxf8+ Nxf8 29. Qg5+ Ng6 $14) 28... Kh8
29. Nf7+ Rxf7 30. Qxf7 (30. Rxf7 Bxe4+ 31. dxe4 Qc1+ 32. Kg2 Qd2+ 33. Kh1 Qc1+
34. Kg2 Qd2+ 35. Kf1 Qc1+ 36. Be1 Qc4+ 37. Qe2 Qc8 $18) 30... Qxf7 31. Rxf7 Ng5
32. Bxc6 Nxf7) 28. dxe4 {[%emt 0:00:07] aiming for Nf6+.} Rf8 29. Nh6+ ({Weaker is} 29. Rxf8+ Nxf8 30. Qg5+ (30. Nxe5 Qc1+
31. Kg2 Qg1+ 32. Kh3 Qf1+ 33. Kg4 Qe2+ 34. Kg5 Ne6+ 35. Kh4 Qxe4+ 36. Kh3 Nf4+
37. Bxf4 Qxf4 $11) (30. Nh6+ Kh8 $16) 30... Ng6 $16) 29... Kh8 30. Nf7+ Rxf7 31. Qxf7 Qc6 (31... Qxf7 $142 32. Rxf7 Nc5) 32. Qf5 Qd6 33. Qf6+ Kg8 {[%emt 0:00:07] [#]} 34. Bxe5 $1
{[%emt 0:03:48] Weighted Error Value: White=0.08 (flawless) /Black=0.47} 1-0

[Event "44th Chess Olympiad Open 2022"]
[Site "Chennai"]
[Date "2022.08.06"]
[Round "8.33"]
[White "Veiga, Jose Francisco R P "]
[Black "Ahmed, Ali Layth Ahmed"]
[Result "1-0"]
[WhiteElo "2378"]
[BlackElo "2249"]
[Annotator "TA"]
[PlyCount "77"]
[EventDate "2022.??.??"]
[TimeControl "60"]

1. e4 c6 2. Nc3 d5 3. d4 dxe4 4. Nxe4 Nf6 5. Nxf6+ exf6 6.
Be3 Bd6 {[%emt 0:00:20] B15: Caro-Kann: 3 Nc3:3...g6 and 3...
dxe4 4 Nxe4 Nf6 5 Nxf6+ exf6.} 7. Bd3 O-O 8.
Ne2 ({Reject} 8. Qh5 g6 9. Qd1 Re8 $11) 8... Re8 {[%emt 0:00:
00] The position is equal.} 9. O-O Qc7 10. h3
{[%emt 0:00:35] [#]} Be6 $146 ({Predecessor:} 10... Nd7 11. c4
Nf8 12. Qd2 Be6 13. Rac1 Qd7 14. Bf4 Rad8 15. Rfd1 Be7 16. Qa5 b6 {0-1 (43)
Adams,M (2700)-Speelman,J (2504) London 2021}) 11. c4 Qd7 12. Qc2 g6 (12...
Na6 {keeps more tension.} 13. a3 Bxh3 14. Bxh7+ Kh8) 13. Rfe1 (13. Nc3 $14) 13... Na6 $11 14. a3 {[%emt 0:00:11] [#]
Against Nb4} Nc7 (14... Bxh3 $1 $15 15. gxh3 (15. Ng3 Bxg3)
15... Qxh3) 15. Nf4 Bxf4 (15... b5 $11 {
remains equal.}) 16. Bxf4 $16 Re7 17. Rad1 Rc8 18. Qc3 Ne8 19. Qb4 {[%emt 0:07:58][%cal Yd4d5] Threatens to win with d5!}
Qd8 {[%emt 0:03:54] Inhibits d5.} 20. Be4 a5 21. Qc3 Rd7 22. g4 (22. a4 $14) 22... Nd6 (22... Ng7 $11)
23. Bf3 $1 $14 b5 24. b3 Ne8 {[%emt 0:07:19] Black is on the road to losing.} ({
Better is} 24... g5 $14 25. Bxd6 Rxd6) 25. a4 bxc4 26. bxc4 Nd6 27. Bg2 Ne8 ({Black should play} 27... Kg7) 28. Qd3 $16 {[%emt 0:01:
33] And now d5 would win. 0x0.001f24f003dedp-1022s more active pieces.} Nc7 (28... g5) 29. Bxc6 $18 {[%emt 0:02:07] This bishop pair is
nice.} Bxc4 (29... Na6 {is a better defense.} 30. Bxd7 Bxd7)
30. Qxc4 {[%emt 0:01:54] White is clearly winning.} Nd5 31.
Bg3 Ne7 {[%emt 0:02:29] [#]} 32. Rxe7 Qxe7 (32... Rxe7 33. Qb5) 33. d5 Rdd8 34. d6 Qa7 35.
Qd5 ({Not} 35. d7 Rxd7 36. Rxd7 Qxd7 37. Bxd7 Rxc4 $18) 35...
Qb6 36. Bb5 Rc3 37. Qd4 Qc5 38. Qxc5 Rxc5 39. d7 {[%emt 0:00:12] Weighted Error Value: White=0.21 (precise) /
Black=0.39} 1-0